 Dungeon Crawl Stone Soup version 0.28-a0-1493-g08698888e4 (webtiles) character file.

Game seed: 2135128758620930432

15529 knot the Cleaver (level 12, 74/121 HPs)
             Began as a Demonspawn Berserker on Jan 13, 2022.
             Was a Priest of Trog.
             Quit the game on level 1 of the Lair of Beasts.
             The game lasted 00:49:53 (17862 turns).

knot the Cleaver (Demonspawn Berserker)            Turns: 17862, Time: 00:49:53

Health: 74/121     AC: 14    Str: 18    XL:     12   Next: 2%
Magic:  10/12      EV: 12    Int: 12    God:    Trog [***...]
Gold:   262        SH:  4    Dex: 14    Spells: 11/11 levels left

rFire   + . .      SeeInvis .   G - +1 war axe (flame)
rCold   . . .      Faith    .   i - orb {guile}
rNeg    + . .      Spirit   +   H - +1 swamp dragon scales
rPois   +          Reflect  .   j - +2 hat {Will+}
rElec   .          Harm     .   g - +0 cloak
rCorr   .          Rampage  .   q - +0 pair of gloves
Will    .....                   K - +1 pair of boots
Stlth   ..........              C - amulet of magic regeneration
HPRegen 0.30/turn               p - ring of positive energy
MPRegen 0.66/turn               b - +4 ring of slaying

@: berserking, very quick
A: magic shield, magic regeneration, magic link, sturdy frame 2, condensation
shield, demonic touch 1, fire resistance 1, subdued magic 1
a: Renounce Religion, Berserk, Trog's Hand


You were on level 1 of the Lair of Beasts.
You worshipped Trog.
Trog was most pleased with you.
You visited 3 branches of the dungeon, and saw 11 of its levels.

You collected 386 gold pieces.
You spent 124 gold pieces at shops.

Inventory:

Hand Weapons
 t - the +10 rapier "Yroithuu" {vorpal, *Rage rPois rF++ SInv}
   (You found it on level 7 of the Dungeon)

   It inflicts extra damage upon your enemies.
   rF:        It greatly protects you from fire.
   rPois:     It protects you from poison.
   SInv:      It lets you see invisible.
   *Rage:     It berserks you when you make melee attacks (+20% chance).
 y - a +1 hand axe of venom
 F - a +2 broad axe of draining
 G - a +1 war axe of flaming (weapon)
Missiles
 f - 241 stones (quivered)
 l - 58 sling bullets
 J - 5 poisoned darts
Armour
 g - a +0 cloak (worn)
 i - an orb of guile (worn)
 j - a +2 hat of willpower (worn)
 m - an orb of energy
 q - a +0 pair of gloves (worn)
 E - a +0 leather armour of fire resistance
 H - +1 swamp dragon scales (worn)
 K - a +1 pair of boots (worn)
Jewellery
 b - a +4 ring of slaying (right hand)
 n - an amulet of the acrobat
 p - a ring of positive energy (left hand)
 B - a ring of ice
 C - an amulet of magic regeneration (around neck)
 D - a ring of resist corrosion
Wands
 r - a wand of polymorph (2)
 s - a wand of flame (1)
Scrolls
 d - 2 scrolls of vulnerability
 e - 3 scrolls of magic mapping
 k - 2 scrolls of noise
 o - 8 scrolls of teleportation
 v - a scroll of torment
 w - 2 scrolls of amnesia
 A - a scroll of fog
 L - a scroll of fear
Potions
 a - 2 potions of brilliance
 c - a potion of ambrosia
 h - a potion of berserk rage
 u - 2 potions of heal wounds
 x - 7 potions of curing
 z - a potion of magic {unknown}
 I - a potion of haste


   Skills:
 - Level 3.0 Fighting
 * Level 13.4 Axes
 * Level 12.3 Throwing
 - Level 1.7 Armour
 - Level 1.7 Dodging


You had 11 spell levels left.
You didn't know any spells.
Your spell library contained the following spells:

 Spells                   Type           Power      Damage    Failure   Level
 Conjure Flame            Conj/Fire      0%         6-21      69%         3
 Ignite Poison            Fire/Tmut/Pois 0%         N/A       69%         3
 Inner Flame              Hex/Fire       0%         N/A       69%         3
 Mephitic Cloud           Conj/Pois/Air  0%         N/A       69%         3
 Summon Guardian Golem    Hex/Summ       0%         N/A       69%         3
 Fulminant Prism          Conj/Hex       0%         3d6       98%         4
 Iskenderun's Mystic Bla  Conj/Tloc      0%         2d3       98%         4
 Sticky Flame             Conj/Fire      0%         2d3       98%         4
 Iskenderun's Battlesphe  Conj           0%         2d6       100%        5
 Lee's Rapid Deconstruct  Erth           0%         3d5*      100%        5
 Iron Shot                Conj/Erth      0%         9d1       100%        6
 Orb of Destruction       Conj           0%         N/A       100%        7
 Spellforged Servitor     Conj/Summ      0%         N/A       100%        7


Dungeon Overview and Level Annotations

Branches:
Dungeon (9/15)             Temple (1/1) D:6            Lair (1/6) D:9
    Orc: D:9-12

Altars:
Ashenzari
Cheibriados
Dithmenos
Elyvilon
Fedhas
Gozag
Hepliaklqana
Kikubaaqudgha
Makhleb
Nemelex Xobeh
Okawaru
Qazlal
Ru
Sif Muna
Trog
Uskayaw
Vehumet
Wu Jian
Xom
Zin
The Shining One

Shops:
D:2 *   D:7 *

Annotations:
D:3 1 runed translucent door, croobank's ghost, amateur DrTm


Innate Abilities, Weirdness & Mutations

When hurt, damage is shared between your health and your magic reserves.
You regenerate magic rapidly.
When low on magic, you restore magic in place of health.
Your movements are less encumbered by armour. (ER -4)
A meltable shield of frost defends you. (SH +4)
Your touch may inflict minor irresistible damage on your foes.
Your flesh is heat resistant. (rF+)
Your spells are a little easier to cast, but a little less powerful.


Message History

Found a runed mace.
Unknown command.
J - 2 poisoned darts
J - 3 poisoned darts (gained 1)
f - 239 stones (gained 1);
J - 4 poisoned darts (gained 1)
f - 241 stones (gained 2)
J - 5 poisoned darts (gained 1)
L - a scroll of fear You see here a +1 vorpal mace.
A black mamba comes into view.
The black mamba hisses angrily.
The black mamba bites you but does no damage.
The black mamba misses you.
You closely miss the black mamba. The black mamba closely misses you.
The black mamba bites you but does no damage.
You completely miss the black mamba. The black mamba bites you!
You closely miss the black mamba. The black mamba bites you!
The black mamba bites you but does no damage.
You closely miss the black mamba. The black mamba barely misses you.
You hit the black mamba but do no damage.
The black mamba misses you. The black mamba bites you!
You slash the black mamba! You burn the black mamba.
The black mamba is heavily wounded.
The black mamba closely misses you.
You hit the black mamba. You burn the black mamba.
The black mamba is severely wounded.
The black mamba bites you but does no damage. x2
A red film seems to cover your vision as you go berserk!
You feel yourself moving faster!
You feel mighty! The black mamba barely misses you.
You slash the black mamba! You burn the black mamba.
The black mamba is almost dead.
The black mamba bites you.
You slash the black mamba! You burn the black mamba.
You kill the black mamba!
Trog accepts your kill.
You have reached level 12!
You feel stronger.
Your demonic ancestry asserts itself...
Frost condenses into a shield before you.
Are you sure you want to abandon this character and quit the game? (Confirm with "yes".)

## ## ### ### ♣≈♣
#.####.###########.#####P###♣≈P≈
..........)................≈P≈≈≈
...........................♣≈≈≈≈
...........................≈≈P..
...............@................
................................
...#.#P####.##.....#####........
....### ###.....## ####.....
#P## #.....# #..... ##....#
#..†.. #....# #..... #....##
#..... #.....# #.....


There were no monsters in sight!

Vanquished Creatures
  A centaur warrior (D:9)
  2 two-headed ogres
  A deep troll (D:9)
  Pikel (D:6)
  A shining eye (D:9)
  A black mamba (Lair:1)
  2 cane toads (Lair:1)
  Maggie (D:6)
  A komodo dragon (Lair:1)
  2 rime drakes (Lair:1)
  A kobold demonologist (D:9)
  2 trolls (D:9)
  A meliai (D:9)
  Grinder (D:6)
  Sigmund (D:4)
  2 wraiths (D:9)
  Grum (D:8)
  2 wyverns (D:9)
  2 basilisks
  22 yaks
  2 steam dragons
  8 water moccasins
  Duvessa (D:4)
  3 orc warriors
  An ice beast (D:7)
  2 black bears
  A necrophage (D:2)
  A wolf (D:8)
  A lemure (D:6)
  11 centaurs
  A phantom (D:4)
  A kobold brigand (D:9)
  Blork the orc (D:5)
  2 bullfrogs (Lair:1)
  A wyvern zombie (D:7)
  4 scorpions
  Dowan (D:4)
  A killer bee (D:9)
  4 wights (D:8)
  2 electric eels (Lair:1)
  A howler monkey (D:9)
  A centaur zombie (D:7)
  6 orc priests
  5 hounds
  A bullfrog skeleton (D:7)
  A gnoll shaman (D:8)
  2 iguanas
  7 orc wizards
  Ijyb (D:5)
  Natasha (twice) (D:4)
  4 hell rats (Lair:1)
  A killer bee zombie (D:6)
  A howler monkey zombie (D:8)
  A killer bee simulacrum (D:9)
  5 gnolls (D:8)
  12 adders
  2 white imps
  An ufetubus (D:6)
  A dart slug (D:3)
  29 orcs
  3 bats
  8 endoplasms
  2 giant cockroaches
  4 goblins
  7 hobgoblins
  4 jackals (D:2)
  6 quokkas
  15 ball pythons
  4 frilled lizards
  8 kobolds
  5 rats
247 creatures vanquished.

Vanquished Creatures (others)
  A water moccasin skeleton (D:7)
  A hound (D:5)
  4 fungi
  14 plants
20 creatures vanquished.

Grand Total: 267 creatures vanquished

Notes
Turn   | Place    | Note
-------+----------+-------------------------------------------
     0 | D:1      | knot the Demonspawn Berserker began the quest for the Orb.
     0 | D:1      | Reached XP level 1. HP: 18/18 MP: 1/1
    67 | D:1      | Reached skill level 3 in Axes
   331 | D:1      | Gained mutation: Your movements are slightly less
                  | encumbered by armour. (ER -2) [demonic ancestry]
   331 | D:1      | Reached XP level 2. HP: 24/24 MP: 2/2
   782 | D:1      | You fall into a shaft and drop 1 floor!
   940 | D:1      | Gained mutation: Your movements are less encumbered by
                  | armour. (ER -4) [demonic ancestry]
   940 | D:1      | Reached XP level 3. HP: 27/29 MP: 3/3
  1320 | D:1      | Found a faded altar of an unknown god.
  1389 | D:2      | Reached skill level 4 in Axes
  1647 | D:2      | Noticed a necrophage
  1664 | D:2      | Killed a necrophage
  1665 | D:2      | Reached skill level 5 in Axes
  1665 | D:2      | Reached XP level 4. HP: 35/35 MP: 4/4
  1972 | D:2      | Gained mutation: You regenerate magic rapidly. [demonic
                  | ancestry]
  1972 | D:2      | Reached XP level 5. HP: 41/41 MP: 5/5
  2086 | D:2      | Found Futoifa's General Store.
  2098 | D:2      | Reached ** piety under Trog
  2123 | D:2      | Bought 18 poisoned darts for 79 gold pieces
  2978 | D:3      | Found a runed translucent door.
  3049 | D:3      | Reached skill level 1 in Throwing
  3577 | D:3      | Noticed croobank's ghost (amateur DrTm)
  3985 | D:3      | Reached XP level 6. HP: 45/47 MP: 6/6
  4521 | D:4      | Reached skill level 6 in Axes
  4823 | D:4      | Reached *** piety under Trog
  5152 | D:4      | Noticed Natasha
  5159 | D:4      | Killed Natasha
  5160 | D:4      | Gained mutation: When hurt, damage is shared between your
                  | health and your magic reserves. [demonic ancestry]
  5160 | D:4      | Reached XP level 7. HP: 51/52 MP: 7/7
  5221 | D:4      | Noticed Natasha
  5232 | D:4      | Killed Natasha
  5409 | D:4      | Noticed Duvessa
  5410 | D:4      | Noticed Sigmund
  5414 | D:4      | Noticed Dowan
  5427 | D:4      | Killed Duvessa
  5755 | D:4      | Killed Dowan
  5762 | D:4      | Killed Sigmund
  5763 | D:4      | Reached skill level 7 in Axes
  6200 | D:5      | Entered Level 5 of the Dungeon
  6208 | D:5      | Noticed Blork the orc
  6236 | D:5      | Killed Blork the orc
  6349 | D:5      | Noticed Ijyb
  6360 | D:5      | Killed Ijyb
  6511 | D:5      | Gained mutation: When low on magic, you restore magic in
                  | place of health. [demonic ancestry]
  6511 | D:5      | Reached XP level 8. HP: 51/58 MP: 6/8
  6779 | D:6      | Noticed Pikel
  6786 | D:6      | Noticed Maggie
  6794 | D:6      | Killed Pikel
  6795 | D:6      | Reached skill level 8 in Axes
  6936 | D:6      | Killed Maggie
  7277 | D:6      | Reached XP level 9. HP: 54/63 MP: 9/9
  7342 | D:6      | Found a staircase to the Ecumenical Temple.
  7377 | Temple   | Entered the Ecumenical Temple
  7892 | D:6      | Reached skill level 9 in Axes
  8053 | D:6      | Found a hide-covered altar of Uskayaw.
  8058 | D:6      | Found an ornate altar of the Wu Jian Council.
  8284 | D:6      | Noticed Grinder
  8710 | D:6      | Got Sif Muna's Papyrus of the Arsonist and Venom
  8928 | D:6      | Paralysed by Grinder for 4 turns
  8937 | D:6      | Killed Grinder
  9705 | D:7      | Identified the +10 rapier "Yroithuu" {vorpal, *Rage rPois
                  | rF++ SInv}
  9740 | D:7      | Reached skill level 10 in Axes
 10100 | D:7      | Found Sanead's General Store.
 10109 | D:7      | Bought a scroll of magic mapping for 45 gold pieces
 10645 | D:8      | Found a hazy altar of Hepliaklqana.
 10645 | D:8      | Found an opulent altar of Gozag.
 10687 | D:8      | Found a large runed translucent door.
 10688 | D:8      | Found a large runed translucent door.
 11142 | D:8      | Reached XP level 10. HP: 67/70 MP: 10/10
 11492 | D:8      | Found a radiant altar of Vehumet.
 11540 | D:8      | Noticed Grum
 12579 | D:8      | Killed Grum
 12783 | D:8      | Found a stormy altar of Qazlal.
 12783 | D:8      | Noticed a two-headed ogre
 12800 | D:8      | Killed a two-headed ogre
 12929 | D:8      | Reached skill level 11 in Axes
 13241 | D:9      | Found a staircase to the Lair.
 13660 | D:9      | Reached skill level 10 in Throwing
 14495 | D:9      | Noticed a two-headed ogre
 14523 | D:9      | Killed a two-headed ogre
 14524 | D:9      | Gained mutation: Your touch may inflict minor irresistible
                  | damage on your foes. [demonic ancestry]
 14524 | D:9      | Reached XP level 11. HP: 56/75 MP: 11/11
 14651 | D:9      | Reached skill level 12 in Axes
 15629 | D:9      | Noticed a death knight
 15630 | D:9      | Noticed a shining eye
 15630 | D:9      | a death knight changed into a shining eye
 15630 | D:9      | Noticed a centaur warrior
 15632 | D:9      | Gained mutation: You are dopey. (Int -2) [a shining eye]
 15724 | D:9      | Gained mutation: You tend to lose your temper in combat. [a
                  | shining eye]
 15726 | D:9      | Killed a shining eye
 15774 | D:9      | Noticed a deep troll
 15793 | D:9      | Killed a deep troll
 15975 | D:9      | Lost mutation: You are dopey. (Int -2) [potion of mutation]
 15975 | D:9      | Lost mutation: You tend to lose your temper in combat.
                  | [potion of mutation]
 15975 | D:9      | Gained mutation: Your flesh is heat resistant. (rF+)
                  | [potion of mutation]
 15975 | D:9      | Gained mutation: Your spells are a little easier to cast,
                  | but a little less powerful. [potion of mutation]
 16002 | D:9      | Killed a centaur warrior
 16131 | Lair:1   | Entered Level 1 of the Lair of Beasts
 16475 | Lair:1   | Reached skill level 13 in Axes
 17681 | Lair:1   | Noticed Joseph
 17683 | Lair:1   | Noticed Joseph
 17683 | Lair:1   | Joseph changed into Joseph the rime drake
 17695 | Lair:1   | Killed Joseph the rime drake
 17862 | Lair:1   | Gained mutation: A meltable shield of frost defends you.
                  | (SH +4) [demonic ancestry]
 17862 | Lair:1   | Reached XP level 12. HP: 74/81 MP: 10/12
 17862 | Lair:1   | Quit the game

Illustrated notes

Levels and vault maps discovered:
D:1:      co_arrival_square_in_a_square_in_a_square, layout_loops_cross,
          shapermc_ecumenical_altar_mp_vishouse, grunt_decor_cap, moated_statue
D:2:      layout_loops_ring, serial_shops, shop, grunt_decor_clamped,
          chequers_serial_rivers_room_a
D:3:      layout_loops_ring, ebering_ghost_sewer_d, minmay_snake_closets
D:4:      layout_cave_pods, lightli_corner_chamber, uniq_natasha, uniq_sigmund,
          uniq_duvessa
D:5:      layout_gridville, lemuel_flamethrower_2, uniq_ijyb, uniq_blork_the_orc
D:6:      layout_cave_pools, nicolae_overflow_squiral,
          minmay_temple_entry_drinking_statues, serial_co_window_serial,
          co_window_paths_b, co_window_paths_a, co_window_paths_b,
          co_window_corner_a, co_window_of_opportunity_a, co_window_broadway_c,
          co_window_unsneaky_path_e, co_window_unsneaky_path_c,
          co_window_corner_b, co_window_broadway_a, co_window_of_opportunity_c,
          co_window_broadway_a, co_window_4corner_b, glass_columns_a,
          glass_columns_c, glass_columns_b, uniq_grinder, uniq_pikel,
          uniq_maggie
D:7:      layout_loops_ring, serial_shops, nicolae_square_shop
D:8:      layout_cave_pools, lemuel_doored_altar, jmf_multi_god_temple2,
          chequers_temple_overflow_statue_of_worship, centaur_isle, uniq_grum
D:9:      minmay_thick_lines, layout_cave_pods, minmay_lair_entry_grove,
          minmay_evil_grid
Temple:   dpeg_chambers_temple
Lair:1:   layout_cellular_growth, serial_bayou_shore_b, grunt_megastairs_5,
          serial_bayou_shore_a, uniq_joseph

Skill      XL: |  1  2  3  4  5  6  7  8  9 10 11 |
---------------+----------------------------------+-----
Axes           | 3 5 6 7 8 10 11 13 | 13.4
Throwing       | 1 3 4 6 8 10 12 | 12.3
Fighting       | |  3.0
Armour         | |  1.7
Dodging        | |  1.7

Action                   |  1- 3 |  4- 6 |  7- 9 | 10-12 || total
-------------------------+-------+-------+-------+-------++-------
Melee: Hand axe          |    90 |   185 |    68 |       ||   343
       Punch             |       |     2 |     3 |       ||     5
       War axe           |       |       |   156 |   261 ||   417
       Broad axe         |       |       |       |    45 ||    45
Throw: Stone             |    11 |    10 |    19 |    39 ||    79
       Dart              |       |    78 |   119 |    63 ||   260
       Boomerang         |       |       |       |    52 ||    52
Invok: Berserk           |     3 |     2 |     6 |    19 ||    30
       Trog's Hand       |       |       |     2 |     8 ||    10
Evoke: Wand              |       |       |     5 |    25 ||    30
  Use: Potion            |       |       |     6 |     4 ||    10
       Scroll            |       |       |    12 |     9 ||    21
 Stab: Sleeping          |     3 |     2 |       |       ||     5
       Paralysed         |       |       |     7 |    25 ||    32
Armor: Animal skin       |    27 |    17 |       |       ||    44
       Ring mail         |       |    58 |    18 |       ||    76
       Swamp dragon scal |       |       |    53 |   124 ||   177
Dodge: Dodged            |    49 |   123 |   117 |   175 ||   464

Table legend: (Time is in decaauts)
 A = Elapsed time spent in this place.
 B = Non-inter-level travel time spent in this place.
 C = Inter-level travel time spent in this place.
 D = Time resting spent in this place.
 E = Time spent auto-exploring this place.
 F = Levels seen in this place.
 G = Mean time per level.
                   A        B        C        D        E       F      G
               +--------+--------+--------+--------+--------+-----+--------+
         Total |  18074 |  17352 |    722 |   6770 |   7814 |  11 | 1643.1 |
       Dungeon |  16113 |  15458 |    655 |   5869 |   7076 |   9 | 1790.3 |
        Temple |    264 |    244 |     20 |      0 |    232 |   1 |  264.0 |
          Lair |   1696 |   1649 |     47 |    901 |    506 |   1 | 1696.0 |
               +--------+--------+--------+--------+--------+-----+--------+

Top non-repeatable levels by time:
     D:9: 2970 daAuts
     D:8: 2676 daAuts
     D:3: 2098 daAuts
     D:6: 1876 daAuts
  Lair:1: 1696 daAuts
     D:4: 1477 daAuts
     D:2: 1394 daAuts
     D:7: 1325 daAuts
     D:1: 1299 daAuts
     D:5: 993 daAuts
  Temple: 264 daAuts
